 Dungeon Crawl Stone Soup version 0.14-a0-2785-gb4497b5 (webtiles) character file.

332 ManOfSteam the Grasshopper (level 5, -8/40 HPs)
             Began as a Human Warper on Feb 24, 2014.
             Killed by divine providence
             ... invoked by an orc priest
              (9 damage)
             ... on Level 3 of the Dungeon.
             The game lasted 00:43:29 (3837 turns).

ManOfSteam the Grasshopper (Human Warper)           Turns: 3837, Time: 00:43:29

HP  -8/40        AC  4     Str 11      XL: 5   Next: 69%
MP   1/8         EV 11     Int 15      God:
Gold 172         SH  0     Dex 12      Spells:  4 memorised,  1 level left

rFire  . . .     SeeInvis .     a - +1,+0 short sword
rCold  . . .     Clarity  .     p - +0 leather armour
rNeg   . . .     Conserve .     (no shield)
rPois  .         rCorr    .     (no helmet)
rElec  .         rRot     .     w - +0 cloak
SustAb . .       Spirit   .     (no gloves)
rMut   .         Warding  .     (no boots)
Saprov . . .     Stasis   .     (no amulet)
MR     .....                    (no ring)
                                (no ring)

@: very slightly contaminated, not resistant to hostile enchantments, unstealthy
A: herbivore 1, fast metabolism 1, low mp 1
a: no special abilities


You were on level 3 of the Dungeon.
You were full.

You visited 1 branch of the dungeon, and saw 3 of its levels.

You collected 172 gold pieces.

Inventory:

Hand weapons
 a - a +1,+0 short sword (weapon)
 f - a +0,+0 mace
Missiles
 h - 21 stones (quivered)
Armour
 p - a +0 leather armour (worn)
 r - a +0 robe of magic resistance
 w - a +0 cloak (worn)
Comestibles
 g - 2 bread rations
 m - a rotting chunk of quokka flesh
Scrolls
 b - 2 scrolls of teleportation
 d - a scroll of blinking
 i - 4 scrolls of remove curse {unknown}
 k - 3 scrolls of identify {unknown}
 n - a scroll of random uselessness {unknown}
Potions
 e - a potion of poison {unknown}
 j - a potion of restore abilities
 q - 3 potions of curing
 t - a potion of speed
Books
 c - a book of Spatial Translocations

   Spells                             Type                      Level
   *Apportation                       Translocation                1
   *Blink                             Translocation                2
   *Shroud of Golubria                Charms/Translocation         2
   Portal Projectile                  Translocation                3
   *Teleport Other                    Translocation                3
   Passage of Golubria                Translocation                4


   Skills:
 * Level 2.8 Fighting
 + Level 2.2 Short Blades
 + Level 2.2 Throwing
 + Level 1.6 Armour
 * Level 3.0 Dodging
 + Level 0.4 Stealth
 * Level 2.5 Spellcasting
 - Level 0.2 Charms
 + Level 3.5 Translocations


You had one spell level left.
You knew the following spells:

 Your Spells              Type           Power        Failure   Level  Hunger
a - Apportation           Tloc           ##........   6%          1    #......
b - Blink                 Tloc           N/A          10%         2    ##.....
c - Shroud of Golubria    Chrm/Tloc      #.........   14%         2    ##.....
d - Teleport Other        Tloc           ##......     17%         3    ####...


Dungeon Overview and Level Annotations

Branches:
Dungeon (3/16)

Altars:
Cheibriados


Innate Abilities, Weirdness & Mutations

You digest meat inefficiently.
You have a fast metabolism.
Your magical capacity is low (-10% MP).


Message History

Space distorts slightly along a thin shroud covering your body.
The orc barely misses you.
Eat which item? (? for menu, Esc to quit)
The orc priest hits you with an orcish flail.
The orc hits you.
You continue eating.
The orc barely misses you.
The orc priest hits you with an orcish flail.
Your shroud falls apart!
The orc hits you.
You continue eating.
The orc wizard shouts!
The orc hits you with an orcish flail!
The orc priest hits you with an orcish flail!
* * * LOW HITPOINT WARNING * * *
The orc hits you.
* * * LOW HITPOINT WARNING * * *
The orc priest invokes the aid of Beogh against you.
Something smites you!
You die...

####### ######## ......#
#...(..# ......#
#......# .. ......#
#......# #...
......######.(...o#.o...
......'....#....oo'.#
......####.'....@o#
......# ###......#
####'## #####'## #..#
..# #.## ### #.# #.# #.#
#.#


You could see 2 orc priests, an orc wizard and 2 orcs.

Vanquished Creatures
  A hound (D:3)
  Terence (D:2)
  4 adders
  A worm (D:3)
  A giant gecko (D:1)
  7 goblins
  10 hobgoblins
  2 jackals (D:1)
  2 oozes (D:2)
  A ball python (D:1)
  13 bats
  6 giant cockroaches
  7 giant newts
  6 kobolds
  A quokka (D:3)
  8 rats
71 creatures vanquished.

Notes
Turn   | Place    | Note
--------------------------------------------------------------
     0 | D:1      | ManOfSteam, the Human Warper, began the quest for the Orb.
     0 | D:1      | Reached XP level 1. HP: 16/16 MP: 3/3
    19 | D:1      | Found a snail-covered altar of Cheibriados.
   128 | D:1      | Reached XP level 2. HP: 17/22 MP: 4/4
   211 | D:1      | Learned a level 2 spell: Blink
   214 | D:1      | Learned a level 2 spell: Shroud of Golubria
   450 | D:1      | Reached XP level 3. HP: 14/27 MP: 3/6
  1317 | D:2      | Reached XP level 4. HP: 28/33 MP: 3/7
  2147 | D:2      | Noticed Terence
  2499 | D:2      | Gained mutation: You have a fast metabolism. [potion of mutation]
  2499 | D:2      | Gained mutation: Your magical capacity is low (-10% MP). [potion of mutation]
  2499 | D:2      | Gained mutation: You digest meat inefficiently. [potion of mutation]
  2508 | D:2      | Killed Terence
  3049 | D:3      | Reached XP level 5. HP: 9/39 MP: 8/8
  3596 | D:3      | Learned a level 3 spell: Teleport Other
  3837 | D:3      | HP: 1/40 [orc (5)]
  3837 | D:3      | Killed from afar by an orc priest

Action                   |  1- 3 |  4- 6 || total
-------------------------+-------+-------++-------
Melee: Short sword       |   141 |   200 ||   341
       Mace              |       |     2 ||     2
Throw: Dart              |    53 |    52 ||   105
       Stone             |       |     8 ||     8
 Cast: Apportation       |     4 |     1 ||     5
       Shroud of Golubri |     3 |     8 ||    11
       Blink             |     4 |     5 ||     9
       Teleport Other    |       |     2 ||     2
  Use: Potion            |     1 |    10 ||    11
       Scroll            |       |     6 ||     6
